 Dungeon Crawl Stone Soup version 0.27.1-34-g3ba077fa99 (webtiles) character file.

Game seed: 16188273880163331104

21 sankara the Ruffian (level 2, -1/23 HPs)
             Began as a Minotaur Transmuter on Jan 21, 2022.
             Slain by a goblin (6 damage)
             ... led by Robin
             ... on level 2 of the Dungeon.
             The game lasted 00:01:12 (575 turns).

sankara the Ruffian (Minotaur Transmuter)            Turns: 575, Time: 00:01:12

Health: -1/23      AC:  2    Str: 14    XL:     2   Next: 65%
Magic:  2/3        EV: 12    Int: 10    God:
Gold:   30         SH:  0    Dex: 10    Spells: 1/4 levels left

rFire    . . .     SeeInvis .     - Unarmed
rCold    . . .     Faith    .   (no shield)
rNeg     . . .     Spirit   .   a - +0 robe
rPois    .         Reflect  .   (helmet currently unavailable)
rElec    .         Harm     .   (no cloak)
rCorr    .         Rampage  .   (no gloves)
Will     .....                  (boots currently unavailable)
Stlth    +.........             (no amulet)
HPRegen  0.07/turn              (no ring)
MPRegen  0.08/turn              (no ring)

@: appendages (expiring)
A: talons 2, horns 2, retaliatory headbutt
a: End Transformation


You were on level 2 of the Dungeon.
You had temporarily grown beastly talons.
You visited 1 branch of the dungeon, and saw 2 of its levels.

You collected 30 gold pieces.

Inventory:

Missiles
 c - 22 sling bullets
 e - 26 stones
Armour
 a - a +0 robe (worn)
Scrolls
 b - a scroll of fear {unknown}
Potions
 d - a potion of attraction {unknown}


   Skills:
 - Level 1.2 Fighting
 - Level 2.1 Dodging
 + Level 3.8 Unarmed Combat
 - Level 1.5 Spellcasting
 + Level 2.1 Transmutations


You had one spell level left.
You knew the following spells:

 Your Spells              Type           Power      Damage    Failure   Level
a - Beastly Appendage     Tmut           10%        N/A       14%         1
b - Wereblood             Tmut           5%         N/A       21%         2

Your spell library contained the following spells:

 Spells                   Type           Power      Damage    Failure   Level
 Spider Form              Tmut/Pois      1%         N/A       54%         3
 Ice Form                 Ice/Tmut       2%         N/A       91%         4


Dungeon Overview and Level Annotations

Branches:
Dungeon (1/15)

Altars:

Annotations:
D:2 Robin


Innate Abilities, Weirdness & Mutations

You have temporarily grown beastly talons.
You have a pair of horns on your head.
You reflexively headbutt those who attack you in melee.


Message History

A goblin comes into view. It is wielding a +0 dagger.
A goblin comes into view. It is wielding a +0 club.
Found a stone staircase leading up.
The goblin shouts!
You hear a shout!
A goblin comes into view. It is wielding a +0 club.
A goblin comes into view. It is wielding a +0 dagger.
Unknown command.
Unknown command.
The goblin shouts!
Robin of the Strong Arm comes into view.
They are wielding a +0 club.
Robin moves out of view.
Your transformation is almost over.
Your magical contamination has completely faded away.
Robin shouts!
Robin roars a battlecry!
A goblin comes into view. It is wielding a +0 dagger.
A goblin comes into view. It is wielding a +0 club.
The goblin shouts!
You hear a shout!
A goblin comes into view. It is wielding a +0 dagger.
Robin throws the goblin at you!
A goblin comes into view. It is wielding a +1 dagger of freezing.
Robin roars a battlecry!
The goblin goes into a battle-frenzy!
The goblin unwields a +0 club.
The goblin wields a +0 hunting sling.
The goblin shoots a stone.
The stone hits you. The goblin closely misses you.
You hit the goblin.
You kill the goblin!
The goblin shoots a stone.
The stone barely misses you. The goblin hits you with a +0 dagger.
Robin throws the goblin at you! The goblin barely misses you.
The goblin completely misses you. The goblin barely misses you.
You furiously retaliate!
You headbutt the goblin!
You kill the goblin!
The goblin hits you with a +0 club.
You see here a +0 dagger.
You hit the goblin but do no damage. Robin throws the goblin at you!
* * * LOW HITPOINT WARNING * * *
The goblin closely misses you. The goblin hits you with a +0 club.
You die...

#)#.# #.#.# #. #.#.#
#.# #.#.# #.# #.#.#
#.# # #.#†# #.# ####.#
#.# #.# #.<.... #.#
#.##g..##.# #.#
##.g@g...... #.######
#..g#g.....#
#......###g#.##.#.###
.#####...gg.#....# #
#..........#####..#
#######......#.g.##.##
##....g#.........
#####..........#
##.#########


You could see Robin and 7 goblins.

Vanquished Creatures
  An adder (D:2)
  An endoplasm (D:2)
  3 goblins (D:2)
  4 hobgoblins (D:2)
  A frilled lizard (D:2)
  A rat (D:2)
11 creatures vanquished.

Notes
Turn   | Place    | Note
-------+----------+-------------------------------------------
     0 | D:1      | sankara the Minotaur Transmuter began the quest for the
                  | Orb.
     0 | D:1      | Reached XP level 1. HP: 16/16 MP: 1/1
     6 | D:1      | You fall into a shaft and drop 1 floor!
   288 | D:2      | Reached XP level 2. HP: 20/23 MP: 1/3
   541 | D:2      | Learned a level 2 spell: Wereblood
   565 | D:2      | Noticed Robin
   575 | D:2      | Slain by a goblin

Illustrated notes

Levels and vault maps discovered:
D:1:      heliophobic_arrival_battle_scene, layout_loops_cross, serial_shops,
          shop, minmay_misc_feat_rows
D:2:      layout_loops_ring, uniq_natasha, uniq_robin

Skill      XL: |  1  2 |
---------------+-------+-----
Transmutations | 2 |  2.1
Fighting       | |  1.2
Dodging        | |  2.1
Unarmed Combat | |  3.8
Spellcasting   | |  1.5

Action                   || total
-------------------------++-------
Melee: Unarmed           ||    26
       Kick              ||     7
       Headbutt          ||     1
 Cast: Beastly Appendage ||     9
Armor: Robe              ||     7
Dodge: Dodged            ||    17
